Unix NetHack Version 3.7.0-51 Work-in-progress - last build Mar 7 2022 13:06:07 (ce1e6a145e5d3e7dd6f4b57ba37794bc207988de,branch:master). Game began 2022-03-20 23:37:02, ended 2022-03-21 00:36:07. Gandelf, neutral male human Monk -------- |.*....-- ----- ---- ----- |.|.....-----|...| --..-------- ---- ---- --- |...------- --.|-.--...0.--...---|....)..)).---..-- --|..--..| |.........------..|------...........|...[.----.......---.|......| --..----...||....--.|.|.............|-..--- -----.|...........- --.| |...-|.---|..................--.-| ----..........| --- |.| |....|.| |..........---..--.....- ----......-- |..--.| ----...-- |..........| --------.a.-- |.....-- |.....| |....-----*|.------ |@|..| | --.....| ---...| --......|----- |.|..| |....)....-- |...| ------.| --- --....| --------......| |..-- |.---- --- --.-- --....-- --....| |-.....-- ---- ----..|.-----.---...| |....----- |.....---.......| --.|....*..--.......----.:..--..####........*....<.-- -- |...................- |..........| --....................| |...^..........|.....|-.........-- |.............--.....| |.....--.....-----..-#!....|....| |..---..........^..--- -->.------.--- ------.|.---..-- ---- ---.----------- ---- --- ----- ---- --- Gandelf the Initiate St:18 Dx:13 Co:14 In:9 Wi:12 Ch:10 Neutral S:2548 Dlvl:6 $:26 HP:0(48) Pw:34(39) AC:-3 Xp:6/543 T:2595 Burdened Latest messages: You hit the fire ant! The fire ant misses! The fire ant misses! You miss the fire ant. The fire ant misses! The fire ant misses! You kill the fire ant! The fire ant misses! The fire ant bites! You miss the fire ant. The fire ant misses! The fire ant bites! You hit the fire ant! The fire ant bites! The fire ant bites! The fire ant bites! The fire ant bites! You miss the fire ant. The fire ant just misses! The fire ant misses! You miss the fire ant. The fire ant misses! The fire ant bites! You're on fire! You miss the fire ant. The fire ant misses! The fire ant misses! You hit the fire ant! The fire ant bites! The fire ant bites! You miss the fire ant. The fire ant misses! The fire ant bites! You hit the fire ant. The fire ant misses! The fire ant misses! The fire ant bites! The fire ant misses! You miss the fire ant. The fire ant bites! The fire ant misses! The fire ant misses! The fire ant bites! You're on fire! The air around you begins to shimmer with a golden haze. The fire ant bites! The fire ant misses! The fire ant bites! You die... Do you want your possessions identified? [ynq] (y) q Major events: Turn 1: Gandelf the neutral male human Monk entered the dungeon 918: attained the rank of Novice (level 3) 927: entered the Gnomish Mines 1449: reached Mine Town 1617: attained the rank of Initiate (level 6) 2595: killed by a fire ant Inventory: Coins $ - 26 gold pieces Weapons s - 7 +2 arrows P - 15 +0 arrows F - a +1 bow K - a +0 bow r - 12 +0 darts l - 2 +0 daggers A - 7 +0 daggers O - 2 cursed -1 daggers H - a +0 dwarvish mattock (weapon in hands) Armor T - an uncursed +0 dwarvish iron helm (being worn) a - an uncursed +2 pair of leather gloves (being worn) B - an uncursed +0 pair of iron shoes (being worn) R - an uncursed +1 dwarvish cloak W - an uncursed +1 dwarvish cloak x - an uncursed +0 dwarvish cloak D - an uncursed +0 dwarvish cloak V - an uncursed +0 dwarvish cloak b - an uncursed +1 robe (being worn) Comestibles g - 6 uncursed apples f - 3 uncursed food rations i - 3 uncursed fortune cookies h - 7 uncursed oranges J - an uncursed lichen corpse Spellbooks o - an uncursed spellbook of blank paper c - a blessed spellbook of protection Rings t - an uncursed ring of levitation n - an uncursed ring of searching Tools z - an uncursed oilskin sack containing 3 items M - an uncursed blindfold m - an uncursed leash u - a magic marker (0:39) j - an uncursed oil lamp (lit) k - an uncursed skeleton key Gems/Stones C - an uncursed diamond w - an uncursed jasper stone p - 2 uncursed worthless pieces of blue glass E - an uncursed worthless piece of blue glass y - an uncursed worthless piece of green glass v - an uncursed worthless piece of red glass X - an uncursed worthless piece of violet glass N - an uncursed worthless piece of yellow glass Contents of the oilskin sack: a blessed tallow candle an uncursed tallow candle an uncursed beartrap Gandelf the Monk's attributes: Background: You were an Initiate, a level 6 male human Monk. You were neutral, on a mission for Chih Sung-tzu who was opposed by Shan Lai Ching (lawful) and Huan Ti (chaotic). You were in the Gnomish Mines, on level 6. You entered the dungeon 2595 turns ago. It was the midnight hour. You had 543 experience points, 97 more were needed to attain level 7. Your score was 2548 before end-of-game adjustments. Basics: You had 0 out of 48 hit points. You had 34 out of 39 energy points (spell power). Your armor class was -3. Your wallet contained 26 zorkmids. Autopickup was off. Final Characteristics: Your strength was 18 (limit:18/100). Your dexterity was 13 (limit:18). Your constitution was 14 (limit:18). Your intelligence was 9 (limit:18). Your wisdom was 12 (limit:18). Your charisma was 10 (limit:18). Final Status: You were not hungry. You were burdened; movement was slightly slowed. You were wielding a mattock. You had no skill with pick-axe. Final Attributes: You were piously aligned. You were sleep resistant. You were poison resistant. You saw invisible. You were stealthy. You had a small defense bonus (+3). You were guarded. You were fast. You are dead. Miscellaneous: You never encountered a bones level. Total elapsed playing time was 59 minutes and 5 seconds. Vanquished creatures: a small mimic a gnome ruler a fire ant an Uruk-hai 4 gnome leaders 2 gnomish wizards 7 dwarves a rothe an orc zombie a werejackal an acid blob a gas spore 2 hobbits a brown mold 28 gnomes 2 geckos a kobold 3 grid bugs 7 lichens 5 newts 71 creatures vanquished. No species were genocided or became extinct. Voluntary challenges: You followed a strict vegan diet. You were illiterate. You never engraved Elbereth. You never genocided any monsters. You never polymorphed an object. You never changed form. You used no wishes. Achievements: You attained the rank of Novice. You entered the Gnomish Mines. You entered Minetown. You entered a temple. You entered a shop. You attained the rank of Initiate. The Dungeons of Doom: levels 1 to 4 Level 1: Many fountains. Level 2: A grave. Level 3: Some fountains, a sink. Stairs down to The Gnomish Mines. Level 4: The Gnomish Mines: levels 4 to 8 Level 4: Level 5: Level 6: <- You were here. Final resting place for you, killed by a fire ant. Level 7: Some shops, a temple, some fountains. Level 8: Game over: ---------- / \ / REST \ / IN \ / PEACE \ / \ | Gandelf | | 26 Au | | killed by a fire | | ant | | | | | | 2022 | *| * * * | * _________)/\\_//(\/(/\)/\//\/|_)_______ Goodbye Gandelf the Monk... You died in The Gnomish Mines on dungeon level 6 with 2546 points, and 26 pieces of gold, after 2595 moves. You were level 6 with a maximum of 48 hit points when you died.